 Dungeon Crawl Stone Soup version 0.29.1-1-gd02db6906a (webtiles) character file.

Game seed: 15289476310111634448

4811 quakins the Basher (level 10, 0/85 HPs)
             Began as a Formicid Fighter on Oct 17, 2022.
             Was a Priest of Okawaru.
             Slain by a killer bee (1 damage)
             ... on level 7 of the Dungeon.
             The game lasted 00:23:05 (10250 turns).

quakins the Basher (Formicid Fighter)              Turns: 10250, Time: 00:23:05

Health: 0/85       AC: 12    Str: 24    XL:     10   Next: 77%
Magic:  10/10      EV:  8    Int:  9    God:    Okawaru [***...]
Gold:   394        SH:  0    Dex: 13    Spells: 9/9 levels left

rFire   . . .      SeeInvis +   G - +0 giant spiked club
rCold   . . .      Faith    .   (shield currently unavailable)
rNeg    . . .      Spirit   .   e - +0 chain mail
rPois   .          Reflect  .   (helmet unavailable)
rElec   .          Harm     .   f - +1 cloak
rCorr   .          Rampage  .   (no gloves)
Will    +....                   (no boots)
Stlth   ..........              d - amulet of the acrobat
HPRegen 0.24/turn               (no ring)
MPRegen 0.12/turn               (no ring)

@: lethally poisoned (0 -> -14), flying, studying Polearms, invisible
A: permanent stasis, dig shafts and tunnels, antennae 3, four strong arms
a: Dig, Shaft Self, Renounce Religion, Heroism


You were on level 7 of the Dungeon.
You worshipped Okawaru.
Okawaru was most pleased with you.
You visited 2 branches of the dungeon, and saw 10 of its levels.

You collected 394 gold pieces.

Inventory:

Hand Weapons
 A - a +0 giant club
 F - a +2 dire flail of draining
 G - a +0 giant spiked club (weapon)
Missiles
 k - 22 poisoned darts
 n - a throwing net
Armour
 c - a +0 buckler
 e - a +0 chain mail (worn)
 f - a +1 cloak (worn)
Jewellery
 d - an amulet of the acrobat (around neck)
 m - an amulet of guardian spirit
Wands
 D - a wand of flame (11)
 E - a wand of iceblast (11)
Scrolls
 a - 4 scrolls of noise
 b - a scroll of brand weapon {unknown}
 i - a scroll of fear
 j - a scroll of immolation
 l - 2 scrolls of enchant armour
 p - 2 scrolls of amnesia
 r - a scroll of magic mapping
 v - a scroll of silence {unknown}
 x - a scroll of poison {unknown}
 y - a scroll of vulnerability
 B - a scroll of fog {unknown}
 C - a scroll of teleportation
Potions
 g - 3 potions of attraction
 h - 3 potions of brilliance
 o - 3 potions of lignification
 q - a potion of experience {unknown}
 t - a potion of invisibility
 u - 2 potions of flight
 w - a potion of cancellation {unknown}
 z - 2 potions of berserk rage {unknown}
 H - 2 potions of mutation


   Skills:
 - Level 10.0 Fighting
 + Level 11.8 Maces & Flails
 - Level 6.0 Armour
 - Level 4.0 Shields


You had 9 spell levels left.
You didn't know any spells.
Your spell library contained the following spells:

 Spells                   Type           Power      Damage    Failure   Level
 Necrotise                Necr           0%         1d4       95%         1
 Static Discharge         Conj/Air       0%         3-3/arc   98%         2
 Lesser Beckoning         Tloc           0%         N/A       100%        3
 Portal Projectile        Hex/Tloc       0%         N/A       100%        3
 Vampiric Draining        Necr           0%         2d6       100%        3
 Dispel Undead            Necr           0%         3d6       100%        4
 Leda's Liquefaction      Hex/Erth       0%         N/A       100%        4
 Sticky Flame             Conj/Fire      0%         2d3       100%        4
 Agony                    Necr           0%         N/A       100%        5
 Manifold Assault         Tloc           0%         N/A       100%        5
 Blink                    Tloc           Unusable   N/A       N/A         2
 Call Canine Familiar     Summ           Unusable   N/A       N/A         3

Dungeon Overview and Level Annotations

Branches:
Dungeon (9/15)             Temple (1/1) D:5
   Lair: D:8-11         Orc: D:9-12

Altars:
Ashenzari
Cheibriados
Elyvilon
Fedhas
Gozag
Hepliaklqana
Kikubaaqudgha
Makhleb
Okawaru
Qazlal
Ru
Sif Muna
Trog
Uskayaw
Vehumet
Wu Jian
Xom
Yredelemnul
Zin
The Shining One

Shops:
D:2 (   D:6 =

Annotations:
D:8 exclusion: orange demon


Innate Abilities, Weirdness & Mutations

You cannot be hasted, slowed, berserked, paralysed or teleported.
You can dig through walls and to a lower floor.
You have a pair of large antennae on your head. (SInv)
Your four strong arms can wield two-handed weapons with a shield.


Message History

You barely miss the killer bee.
You feel very sick. The killer bee stings you!
The killer bee closely misses you. The killer bee stings you.
You are more poisoned.
The killer bee poisons you! The killer bee barely misses you.
The killer bee stings you but does no damage.
The killer bee stings you.
You miss the killer bee.
You feel very sick. The killer bee barely misses you.
The killer bee stings you.
You are more poisoned.
The killer bee poisons you!
The killer bee stings you but does no damage.
The killer bee stings you!
* * * LOW HITPOINT WARNING * * *
The killer bee stings you.
* * * LOW HITPOINT WARNING * * *
The killer bee stings you.
* * * LOW HITPOINT WARNING * * *
The killer bee barely misses you. The killer bee stings you.
* * * LOW HITPOINT WARNING * * *
The killer bee barely misses you.
It was a potion of flight.
You feel very buoyant.
You fly up into the air.
* * * LOW HITPOINT WARNING * * *
You feel very sick.
The killer bee stings you but does no damage.
The killer bee barely misses you.
The killer bee stings you but does no damage.
The killer bee barely misses you. The killer bee stings you.
* * * LOW HITPOINT WARNING * * *
The killer bee barely misses you.
It was a potion of invisibility.
You fade into invisibility!
* * * LOW HITPOINT WARNING * * *
You feel very sick. The killer bee stings you.
You die...

.........###
######...........#
.†###......#
#................# ..#
#......## #................#
..#
#..)....###......#.#########
..# #.....)..##......#.# ..#
#......#..########.# ..#
#......##.##.......# ..#
#......##...y####### ..#
#......####y@####
.############..[y...# ...#
#####[##.#.## .#.#
##.#.#[##.#.#
.#.#####...>...#.#.#
........#.#.#.##.#.#
########.......#.#.# ..#
##.#.#.##.#.#
#.######.........#.#


You could see 3 killer bees.

Vanquished Creatures
  Amaemon (D:8)
  Maurice (D:8)
  Grinder (D:4)
  Prince Ribbit (D:5)
  Sigmund (D:2)
  A yak (D:9)
  Menkaure (D:4)
  Edmund (D:5)
  An acid dragon (D:9)
  Duvessa (D:7)
  An ice beast (D:7)
  An orc warrior (D:6)
  A black bear (D:7)
  2 ogres
  3 centaurs (D:7)
  A phantom (D:7)
  4 bullfrogs
  3 scorpions (D:5)
  10 wights
  Dowan (D:7)
  2 killer bees (D:7)
  A howler monkey (D:5)
  A gnoll bouda (D:6)
  4 hounds
  4 jellies
  An iguana (D:4)
  5 orc priests
  8 orc wizards
  6 gnolls
  5 adders
  3 white imps
  An ufetubus (D:5)
  A worm (D:3)
  3 dart slugs
  33 orcs
  7 endoplasms
  4 giant cockroaches
  11 goblins
  10 hobgoblins
  3 jackals (D:2)
  6 kobolds
  3 quokkas
  14 ball pythons
  2 bats (D:2)
  A frilled lizard (D:3)
  5 rats
181 creatures vanquished.

Notes
Turn   | Place    | Note
-------+----------+-------------------------------------------
     0 | D:1      | quakins the Formicid Fighter began the quest for the Orb.
     0 | D:1      | Reached XP level 1. HP: 18/18 MP: 1/1
   129 | D:1      | Reached XP level 2. HP: 24/24 MP: 2/2
   256 | D:1      | Reached skill level 3 in Maces & Flails
   385 | D:1      | Reached XP level 3. HP: 21/29 MP: 3/3
   752 | D:2      | Reached skill level 4 in Maces & Flails
   752 | D:2      | Reached XP level 4. HP: 7/35 MP: 4/4
  1259 | D:2      | Noticed Sigmund
  1297 | D:2      | Killed Sigmund
  1298 | D:2      | Reached skill level 6 in Maces & Flails
  1298 | D:2      | Reached XP level 5. HP: 23/41 MP: 2/5
  1298 | D:2      | Reached XP level 6. HP: 27/47 MP: 2/6
  1807 | D:2      | Found a faded altar of an unknown god.
  1881 | D:2      | Found Mengoomi's Weapon Boutique.
  2928 | D:4      | Noticed Grinder
  2937 | D:4      | Killed Grinder
  2938 | D:4      | Reached skill level 7 in Maces & Flails
  2938 | D:4      | Reached XP level 7. HP: 26/52 MP: 3/7
  3731 | D:4      | Reached skill level 8 in Maces & Flails
  3878 | D:4      | Noticed Menkaure
  3890 | D:4      | Killed Menkaure
  3891 | D:4      | Reached XP level 8. HP: 50/61 MP: 5/8
  4094 | D:5      | Entered Level 5 of the Dungeon
  4121 | D:5      | Reached skill level 5 in Fighting
  4401 | D:5      | Found a staircase to the Ecumenical Temple.
  4418 | Temple   | Entered the Ecumenical Temple
  4530 | Temple   | Became a worshipper of Warmaster Okawaru
  4729 | D:5      | You fall into a shaft and drop 1 floor!
  5039 | D:6      | You fall into a shaft and drop 3 floors!
  5234 | D:9      | Noticed a yak
  5234 | D:9      | Noticed a yak
  5261 | D:9      | Killed a yak
  5589 | D:9      | Reached XP level 9. HP: 67/75 MP: 7/9
  5845 | D:9      | Reached * piety under Okawaru
  6636 | D:6      | Found an ornate altar of the Wu Jian Council.
  6636 | D:6      | Found a snail-covered altar of Cheibriados.
  6659 | D:6      | Reached skill level 10 in Fighting
  6806 | D:6      | Found Piforgh's Jewellery Shop.
  7483 | D:5      | Noticed Edmund
  7491 | D:5      | Killed Edmund
  7494 | D:5      | Reached skill level 5 in Armour
  7672 | D:5      | Found a glowing golden altar of the Shining One.
  7996 | D:5      | Noticed Prince Ribbit
  8006 | D:5      | Killed Prince Ribbit
  8161 | D:7      | Reached ** piety under Okawaru
  8162 | D:7      | Reached XP level 10. HP: 73/85 MP: 7/10
  8262 | D:7      | Reached skill level 9 in Maces & Flails
  8347 | D:7      | Noticed Duvessa
  8349 | D:7      | Noticed Dowan
  8364 | D:7      | Killed Duvessa
  8377 | D:7      | Killed Dowan
  8394 | D:7      | Reached skill level 10 in Maces & Flails
  8601 | D:7      | Found a shimmering altar of Xom.
  9366 | D:8      | Noticed Amaemon
  9367 | D:8      | Noticed an orange demon
  9373 | D:8      | Killed Amaemon
  9374 | D:8      | Reached skill level 11 in Maces & Flails
  9641 | D:8      | Noticed Maurice
  9660 | D:8      | Killed Maurice
  9660 | D:8      | Reached *** piety under Okawaru
 10250 | D:7      | HP: 1/85 [poisoned by a killer bee]
 10250 | D:7      | Slain by a killer bee

Illustrated notes

Levels and vault maps discovered:
D:1:      minmay_arrival_shoal_huts, layout_loops_cross
D:2:      layout_basic, serial_shops, shop, shapermc_ecumenical_altar_pompeii,
          uniq_sigmund
D:3:      layout_loops_ring, grunt_decor_clamped, minmay_statues_item,
          kennysheep_generic_room_8
D:4:      layout_loops_ring, minmay_goblin_kobold_house, uniq_grinder,
          uniq_menkaure
D:5:      layout_cave_pools, nicolae_tso_carved_into_rock,
          minmay_temple_entry_sparse_star, uniq_prince_ribbit1, uniq_edmund
D:6:      layout_loops_ring, mainiacjoe_overflow_large_starburst,
          minmay_shop_enchanted_jewellery
D:7:      layout_basic, mainiacjoe_overflow_six_doors_small, st_stairs_8,
          minmay_curled_crystal, minmay_manual_mares, uniq_duvessa
D:8:      layout_loops_ring, serial_glass, glass_columns_a, glass_columns_c,
          glass_columns_a, glass_columns_c, glass_columns_a, glass_columns_c,
          glass_columns_b, glass_columns_b, uniq_maurice, uniq_maggie,
          uniq_amaemon
D:9:      layout_small_grid, grunt_nemelex_the_gamble, st_stairs_3
Temple:   nicolae_temple_slightly_damp_pantheon

Skill      XL: |  1  2  3  4  5  6  7  8  9 10 |
---------------+-------------------------------+-----
Maces & Flails | 3 4 6 7 8 11 | 11.8
Fighting       | 4 8 10 | 10.0
Armour         | 6 |  6.0
Shields        | |  4.0

Action                   |  1- 3 |  4- 6 |  7- 9 | 10-12 || total
-------------------------+-------+-------+-------+-------++-------
Melee: Flail             |    52 |   119 |    87 |       ||   258
       Giant club        |       |       |   211 |    49 ||   260
       Giant spiked club |       |       |       |    48 ||    48
Invok: Heroism           |       |       |       |     2 ||     2
 Abil: Shaft Self        |       |       |     1 |       ||     1
Evoke: Wand              |       |       |     7 |       ||     7
  Use: Potion            |       |     2 |     3 |     6 ||    11
       Scroll            |       |       |     6 |     6 ||    12
Armor: Scale mail        |    18 |    54 |    70 |       ||   142
       Chain mail        |       |       |    89 |    79 ||   168
       Skin              |       |       |    14 |    50 ||    64
Dodge: Dodged            |    39 |    51 |   164 |    93 ||   347
Block: Buckler           |    12 |    31 |    19 |       ||    62
